AoeStats
← TmZ_ASAK

Golden Pit

509236073Analyzed
1v1 RM · 7d ago on Sep 26, 2026· 53m 4s· 2 players
Game mode
Random Map
Map size
Tiny (2 player)
Population
200
Speed
Normal
Resources
Standard
Victory
Conquest
Starting age
Dark Age
Ending age
Imperial Age
RankedLock teamsTeams togetherTeam positionsShared explorationLock speedFull tech treeHidden civsTurbo modeCheats
Victory
Defeat
🇹🇼 Varangians · Taiwan
1306
+15
🇧🇷 Japanese · Brazil
1280
-15
TmZ_ASAK
3:00 Loom
7:34 Loom
9:48 Feudal Age
11:07 Double-Bit Axe
15:43 Fletching
20:01 Horse Collar
24:37 Castle Age
23:31 Forging
24:10 Bloodlines
25:25 Bodkin Arrow
25:35 Husbandry
26:12 Padded Archer Armor
26:35 Bow Saw
32:33 Wheelbarrow
34:30 Iron Casting
36:59 Scale Barding Armor
37:09 Leather Archer Armor
37:45 Light Cavalry
40:24 Hand Cart
41:36 Heavy Plow
44:43 Imperial Age
46:27 Parthian Tactics
46:36 Gold Mining
Feather
7:58 Loom
10:42 Feudal Age
10:43 Man-at-Arms
15:34 Fletching
15:46 Double-Bit Axe
16:58 Padded Archer Armor
18:40 Horse Collar
23:47 Castle Age
22:41 Gold Mining
24:27 Scale Barding Armor
25:19 Bow Saw
26:11 Chain Barding Armor
26:44 Elite Skirmisher
29:46 Bodkin Arrow
30:39 Forging
31:44 Husbandry
34:08 Leather Archer Armor
36:46 Wheelbarrow
37:59 Stone Mining
39:58 Bloodlines
46:06 Imperial Age
43:23 Town Watch
47:08 Hand Cart
48:05 Plate Barding Armor
48:40 Conscription
48:21 Elite Jarl
51:14 Bracer
Connection lost

Rejoining the realm…

Still unreachable

The connection could not be restored.

Session expired

The server has moved on; the page needs a fresh start.